 Dungeon Crawl Stone Soup version 0.28-a0-730-g892d06dc2c (webtiles) character file.

Game seed: 16215762027240970458

845 funkygono the Firebug (level 8, -8/42 HPs)
             Began as a Gargoyle Fire Elementalist on Oct 28, 2021.
             Was an Initiate of Vehumet.
             Killed from afar by Dowan (24 damage)
             ... with a shard of ice
             ... on level 3 of the Dungeon.
             The game lasted 00:09:18 (5115 turns).

funkygono the Firebug (Gargoyle Fire Elementalist)  Turns: 5115, Time: 00:09:18

Health: -8/42      AC: 10    Str: 11    XL:     8   Next: 0%
Magic:  2/15       EV: 12    Int: 19    God:    Vehumet [......]
Gold:   150        SH:  0    Dex: 10    Spells: 7/17 levels left

rFire   . . .      SeeInvis .   p - +0 dire flail (venom)
rCold   . . .      Faith    .   (shield currently unavailable)
rNeg    + + .      Spirit   .   w - +2 robe {rN+}
rPois   ∞          Reflect  .   (no helmet)
rElec   +          Harm     .   (no cloak)
rCorr   .          Rampage  .   (no gloves)
Will    .....                   b - +0 pair of boots
Stlth   ++........              c - amulet of magic regeneration
HPRegen 0.14/turn               (no ring)
MPRegen 0.39/turn               (no ring)

@: no status effects
A: sickness immunity, AC +5, negative energy resistance 1, electricity
resistance, torment resistance 1, petrification resistance
a: Renounce Religion


You were on level 3 of the Dungeon.
You worshipped Vehumet.
Vehumet was noncommittal.
You visited 2 branches of the dungeon, and saw 5 of its levels.

You collected 150 gold pieces.

Inventory:

Hand Weapons
 l - a +0 whip
 p - a +0 dire flail of venom (weapon)
 s - a +0 club of chaos
Missiles
 k - 34 stones
Armour
 b - a +0 pair of boots (worn)
 f - a +0 ring mail
 g - a +0 leather armour
 t - a +1 ring mail of willpower
 w - a +2 robe of positive energy (worn)
Jewellery
 c - an amulet of magic regeneration (around neck)
Wands
 a - a wand of acid (5)
Scrolls
 m - 2 scrolls of teleportation
 n - 2 scrolls of fog
 u - 3 scrolls of blinking {unknown}
Potions
 d - a potion of curing
 h - 3 potions of berserk rage
 i - 3 potions of degeneration {unknown}
 j - a potion of attraction {unknown}
 o - 2 potions of flight {unknown}
 q - 3 potions of haste
 r - a potion of ambrosia {unknown}
 v - a potion of cancellation {unknown}
 x - a potion of magic {unknown}


   Skills:
 + Level 0.5 Fighting
 + Level 0.3 Maces & Flails
 + Level 1.8 Dodging
 - Level 2.1 Stealth
 * Level 5.2 Spellcasting
 * Level 4.3 Conjurations
 * Level 6.1 Fire Magic


You had 7 spell levels left.
You knew the following spells:

 Your Spells              Type           Power      Damage    Failure   Level
a - Foxfire               Conj/Fire      96%        2x1d8     1%          1
b - Scorch                Fire           56%        2d8       1%          2
c - Conjure Flame         Conj/Fire      24%        6-21      4%          3
d - Flame Wave            Conj/Fire      24%        3d6       14%         4

Your spell library contained the following spells:

 Spells                   Type           Power      Damage    Failure   Level
 Inner Flame              Hex/Fire       16%        N/A       11%         3


Dungeon Overview and Level Annotations

Branches:
Dungeon (4/15)             Temple (1/1) D:4

Altars:
Ashenzari
Dithmenos
Elyvilon
Fedhas
Gozag
Hepliaklqana
Kikubaaqudgha
Makhleb
Nemelex Xobeh
Okawaru
Qazlal
Ru
Sif Muna
Trog
Uskayaw
Vehumet
Xom
Yredelemnul

Annotations:
D:3 Dowan


Innate Abilities, Weirdness & Mutations

You are immune to sickness and miasma.
Your stone body is resilient. (AC +5)
You are immune to poison.
You resist negative energy. (rN+)
You are resistant to electric shocks. (rElec)
You are resistant to unholy torment.
You are immune to petrification.


Message History

Dowan hits you with a +2 dagger of protection.
Casting: Foxfire (safe; 1% risk of failure)
Confirm with . or Enter, or press ? or * to list all spells.
You conjure some foxfire!
The foxfire hits Dowan but does no damage.
Dowan is severely wounded.
Dowan says, "Magic will overcome all!"
Dowan gestures at you while chanting. The shard of ice hits you!
* * * LOW HITPOINT WARNING * * *
Casting: Foxfire (safe; 1% risk of failure)
Confirm with . or Enter, or press ? or * to list all spells.
You conjure some foxfire!
The foxfire hits Dowan but does no damage.
Dowan is severely wounded.
The foxfire hits Dowan but does no damage.
Dowan is severely wounded.
The foxfire hits Dowan.
Dowan is almost dead.
Dowan hits you with a +2 dagger of protection.
* * * LOW HITPOINT WARNING * * *
Dowan hits you but does no damage.
You feel better.
The foxfire hits Dowan.
Dowan is almost dead.
The foxfire hits Dowan but does no damage.
Dowan is almost dead.
Dowan casts a spell.
Dowan blinks!
You feel better.
Dowan mumbles some strange words.
Dowan blinks!
Casting: Foxfire (safe; 1% risk of failure)
Confirm with . or Enter, or press ? or * to list all spells.
You conjure some foxfire!
Dowan points at you and mumbles some strange words.
The stone arrow misses you. Dowan casts a spell at you.
The shard of ice hits you!!
Ouch! That really hurt!
You die...

.....#......# #.#.##.#§§§§§8§§§§§
##.#.##########...##.#§§§§§§§§§§§
###.##<.............#§§§§§§§§§§§
#.##########)..##.#§§§§§§§§§§§
##.##_## #e..##.#§§§§§§§§§§§
#.##...## #...####§§§§§§§§§§§
#.#8...8# #.#># ###
#.##...######§)v# ##### #.#
#..##.###.....@.# #...# #.#
#..##'#≈#.....v.###...###.#
#..#≈...'.......#.........#
#..##'#≈#.......#.........#
#..##.###.......#.........#
####...##.......#.........#
#8...8#............#....##
##...###.##..............#
##_##.#.##...#...###...#####


You could see Dowan (fast, ally target).

Vanquished Creatures
  Edmund (D:4)
  Duvessa (D:3)
  An ogre (D:4)
  A phantom (D:4)
  Blork the orc (D:4)
  2 jellies (D:4)
  A hound (D:4)
  Terence (D:2)
  An orc wizard (D:4)
  Ijyb (D:4)
  A hound skeleton (D:4)
  A howler monkey skeleton (D:4)
  8 adders
  2 worms
  2 dart slugs
  19 orcs
  8 ball pythons
  6 bats
  10 endoplasms
  6 giant cockroaches
  9 goblins
  8 hobgoblins
  2 jackals (D:3)
  7 quokkas
  5 frilled lizards
  3 kobolds (D:2)
  3 rats
111 creatures vanquished.

Vanquished Creatures (others)
  455 foxfires
  4 toadstools (D:1)
459 creatures vanquished.

Grand Total: 570 creatures vanquished

Notes
Turn   | Place    | Note
-------+----------+-------------------------------------------
     0 | D:1      | funkygono the Gargoyle Fire Elementalist began the quest
                  | for the Orb.
     0 | D:1      | Reached XP level 1. HP: 10/10 MP: 3/3
   132 | D:1      | Reached XP level 2. HP: 15/15 MP: 0/5
   183 | D:1      | Learned a level 2 spell: Scorch
   819 | D:1      | Reached XP level 3. HP: 19/19 MP: 2/6
  1249 | D:2      | Noticed Terence
  1261 | D:2      | Killed Terence
  1262 | D:2      | Reached skill level 4 in Fire Magic
  1380 | D:2      | Reached XP level 4. HP: 24/24 MP: 4/7
  1902 | D:2      | Reached XP level 5. HP: 28/28 MP: 1/9
  2520 | D:3      | Learned a level 3 spell: Conjure Flame
  2696 | D:3      | Found a stormy altar of Qazlal.
  2852 | D:3      | Found a bloodstained altar of Trog.
  2859 | D:3      | Found a sacrificial altar of Ru.
  3124 | D:3      | Found a shimmering altar of Xom.
  3287 | D:4      | Found a staircase to the Ecumenical Temple.
  3292 | D:4      | Reached skill level 5 in Fire Magic
  3292 | D:4      | Reached XP level 6. HP: 11/32 MP: 6/11
  3297 | D:4      | Learned a level 4 spell: Flame Wave
  3502 | Temple   | Entered the Ecumenical Temple
  3604 | Temple   | Became a worshipper of Vehumet
  3913 | D:4      | Noticed Edmund
  3926 | D:4      | Killed Edmund
  4149 | D:4      | Reached XP level 7. HP: 36/36 MP: 9/13
  4161 | D:4      | Noticed Blork the orc
  4167 | D:4      | Killed Blork the orc
  4256 | D:4      | Noticed Ijyb
  4260 | D:4      | Killed Ijyb
  4818 | D:4      | Reached skill level 5 in Spellcasting
  4818 | D:4      | Reached skill level 6 in Fire Magic
  4881 | D:4      | Noticed Duvessa
  4881 | D:4      | Noticed Dowan
  5102 | D:3      | Killed Duvessa
  5103 | D:3      | Reached XP level 8. HP: 20/42 MP: 7/15
  5115 | D:3      | Killed from afar by Dowan

Illustrated notes

Levels and vault maps discovered:
D:1:      ldierk_walled_garden_2, layout_basic
D:2:      layout_rooms, st_stairs_5, minmay_pentomino_pile, uniq_terence
D:3:      layout_basic, amethyst_overflow_temple_binary,
          nicolae_qazlal_eye_of_the_storm, tgw_xom, minmay_fractal_squares_5
D:4:      minmay_skewed_foursquare, layout_basic, minmay_temple_entry_hall,
          uniq_blork_the_orc, uniq_edmund, uniq_duvessa, uniq_ijyb
Temple:   minmay_temple_curvy_branch

Skill      XL: |  1  2  3  4  5  6  7 |
---------------+----------------------+-----
Fire Magic     | 4 5 6 |  6.1
Conjurations   | 2 3 4 |  4.3
Spellcasting   | 3 4 5 |  5.2
Fighting       | |  0.5
Maces & Flails | |  0.3
Dodging        | |  1.8
Stealth        | |  2.1

Action                   |  1- 3 |  4- 6 |  7- 9 || total
-------------------------+-------+-------+-------++-------
Melee: Club              |    26 |     5 |       ||    31
       Whip              |       |     2 |       ||     2
       Dire flail        |       |       |     4 ||     4
 Cast: Foxfire           |    40 |   154 |    74 ||   268
       Scorch            |     3 |    10 |     9 ||    22
  Use: Scroll            |       |     6 |       ||     6
       Potion            |       |       |     3 ||     3
Armor: Robe              |    12 |     5 |    21 ||    38
Dodge: Dodged            |    23 |    14 |    24 ||    61

Table legend: (Time is in decaauts)
 A = Elapsed time spent in this place.
 B = Non-inter-level travel time spent in this place.
 C = Inter-level travel time spent in this place.
 D = Time resting spent in this place.
 E = Time spent auto-exploring this place.
 F = Levels seen in this place.
 G = Mean time per level.
                   A        B        C        D        E       F      G
               +--------+--------+--------+--------+--------+-----+--------+
         Total |   5133 |   5092 |     41 |    293 |   3987 |   5 | 1026.6 |
       Dungeon |   4879 |   4844 |     35 |    293 |   3744 |   4 | 1219.8 |
        Temple |    253 |    248 |      5 |      0 |    243 |   1 |  253.0 |
               +--------+--------+--------+--------+--------+-----+--------+

Top non-repeatable levels by time:
     D:4: 1446 daAuts
     D:2: 1263 daAuts
     D:1: 1260 daAuts
     D:3: 909 daAuts
  Temple: 253 daAuts
